 Dungeon Crawl Stone Soup version 0.27.1 (webtiles) character file.

Game seed: 13597558924638165006

404 Gwenloh the Skirmisher (level 7, -3/55 HPs)
             Began as a Formicid Abyssal Knight on Sept 4, 2021.
             Was a Believer of Lugonu.
             Slain by a gnoll (6 damage)
             ... on level 4 of the Dungeon.
             The game lasted 00:11:43 (4122 turns).

Gwenloh the Skirmisher (Formicid Abyssal Knight)    Turns: 4122, Time: 00:11:44

Health: -3/55      AC:  5    Str: 16    XL:     7   Next: 12%
Magic:  10/10      EV: 11    Int: 12    God:    Lugonu [**....]
Gold:   151        SH:  0    Dex: 18    Spells: 6/6 levels left

rFire    . . .     SeeInvis +   a - +0 war axe
rCold    . . .     Faith    .   (no shield)
rNeg     . . .     Spirit   .   d - +0 ring mail {Will+}
rPois    .         Reflect  .   (helmet unavailable)
rElec    .         Harm     .   (no cloak)
rCorr    .         Rampage  .   (no gloves)
Will     +....                  (no boots)
Stlth    +.........             (no amulet)
HPRegen  0.18/turn              h - +6 ring of dexterity
MPRegen  0.12/turn              o - ring of wizardry

@: no status effects
A: permanent stasis, dig shafts and tunnels, antennae 3, four strong arms
a: Dig, Shaft Self, Renounce Religion, Depart the Abyss, Bend Space


You were on level 4 of the Dungeon.
You worshipped Lugonu.
Lugonu was pleased with you.
You visited 1 branch of the dungeon, and saw 4 of its levels.
You visited the Abyss 1 time.

You collected 151 gold pieces.

Inventory:

Hand Weapons
 a - a +0 war axe (weapon)
 b - a +0 hunting sling
Missiles
 e - 66 stones (quivered)
 k - 10 sling bullets
 w - a throwing net
Armour
 d - a +0 ring mail of willpower (worn)
Jewellery
 h - a +6 ring of dexterity (left hand)
 o - a ring of wizardry (right hand)
Scrolls
 c - 2 scrolls of vulnerability {unknown}
 l - 4 scrolls of identify {unknown}
 n - a scroll of fog {unknown}
 q - a scroll of amnesia {unknown}
 r - a scroll of enchant weapon {unknown}
 t - a scroll of blinking {unknown}
 u - a scroll of noise {unknown}
 v - a scroll of immolation {unknown}
Potions
 f - 2 potions of flight {unknown}
 g - 2 potions of heal wounds {unknown}
 i - a potion of attraction {unknown}
 j - 3 potions of lignification {unknown}
 m - a potion of magic {unknown}
 p - 2 potions of degeneration {unknown}
 s - 2 potions of curing {unknown}
 x - a potion of might {unknown}


   Skills:
 * Level 4.8 Fighting
 * Level 3.7 Axes
 * Level 4.0 Armour
 + Level 2.0 Dodging
 * Level 4.3 Invocations


You had 6 spell levels left.
You didn't know any spells.
Your spell library was empty.

Dungeon Overview and Level Annotations

Branches:
Dungeon (4/15)
 Temple: D:4-7

Altars:
Kikubaaqudgha

Shops:
D:1 *[!:


Innate Abilities, Weirdness & Mutations

You cannot be hasted, slowed, berserked, paralysed or teleported.
You can dig through walls and to a lower floor.
You have a pair of large antennae on your head. (SInv)
Your four strong arms can wield two-handed weapons with a shield.


Message History

The gnoll barely misses you. The gnoll barely misses you.
Things that are here:
a stone; an adder corpse You closely miss the gnoll.
The gnoll barely misses you.
You closely miss the gnoll. The gnoll completely misses you.
The gnoll hits you with a +0 halberd!
You hit the gnoll.
The gnoll is moderately wounded.
The gnoll hits you but does no damage.
You barely miss the gnoll.
The gnoll is moderately wounded.
The gnoll hits you with a +0 halberd!
You are too injured to fight recklessly!
You are too injured to fight recklessly!
You hit the gnoll.
The gnoll is heavily wounded.
The gnoll closely misses you.
An ogre comes into view. It is wielding a +0 giant club.
The gnoll hits you with a +0 halberd!
* * * LOW HITPOINT WARNING * * *
You barely miss the gnoll.
The gnoll is heavily wounded.
The ogre shouts!
You hear a bark!
The gnoll misses you.
You hit the gnoll.
The gnoll is almost dead.
The gnoll completely misses you.
You hit the gnoll but do no damage.
The gnoll is almost dead.
The gnoll closely misses you.
You barely miss the gnoll.
The gnoll is almost dead.
You barely miss the ogre. The gnoll hits you with a +0 halberd!
* * * LOW HITPOINT WARNING * * *
A hound comes into view.
The ogre hits you with a +0 giant club.
* * * LOW HITPOINT WARNING * * *
The gnoll hits you with a +0 halberd.
You die...

..#####..##..#.............{.
# ....†........#.......#.....
.<..<...................#.#
..#.........)....<...#..# ..
..#.................#..... #
.##............).....h..##
.###..................... .#
##............O#..{... .#
#...........#@##...... .#
#........####g# #..... .#
#.....##.# #(# #...#
.###...#.##.# #.# ...
.........#..# ...
.......###.## .(. .......#
#.# ..( .......# #.# .....
.###...# #.#


You could see an ogre, a hound and a gnoll.

Vanquished Creatures
  An ogre (D:3)
  A phantom (D:4)
  An iguana (D:4)
  10 gnolls
  6 adders
  A shadow imp (D:4)
  An adder skeleton (D:4)
  A dart slug (D:2)
  6 orcs
  6 endoplasms
  3 giant cockroaches
  8 goblins
  2 hobgoblins
  A quokka (D:1)
  4 ball pythons
  5 bats
  3 frilled lizards
  8 kobolds
  8 rats
76 creatures vanquished.

Notes
Turn   | Place    | Note
-------+----------+-------------------------------------------
     0 | Abyss:1  | Gwenloh the Formicid Abyssal Knight began the quest for the
                  | Orb.
     0 | Abyss:1  | Reached XP level 1. HP: 18/18 MP: 2/2
    75 | Abyss:1  | Noticed a spatial maelstrom
    76 | Abyss:1  | Noticed a spatial vortex
    80 | Abyss:1  | Noticed a spatial vortex
    80 | D:1      | Escaped the Abyss
   257 | D:1      | Found Uttoc's Distillery.
   300 | D:1      | Reached skill level 1 in Dodging
   329 | D:1      | Found Xeimecw's Assorted Antiques.
   330 | D:1      | Reached * piety under Lugonu
   331 | D:1      | Reached XP level 2. HP: 24/24 MP: 3/3
   466 | D:1      | Found Fihoing's Armour Emporium.
   710 | D:1      | Found Vacuiss's Book Shoppe.
   721 | D:1      | Reached XP level 3. HP: 21/29 MP: 4/4
  1832 | D:2      | Reached XP level 4. HP: 33/37 MP: 6/6
  2054 | D:2      | Reached ** piety under Lugonu
  2298 | D:3      | Found a faded altar of an unknown god.
  2306 | D:3      | Found an ancient bone altar of Kikubaaqudgha.
  2561 | D:2      | Reached XP level 5. HP: 27/42 MP: 7/7
  3102 | D:4      | Noticed a phantom
  3115 | D:4      | Killed a phantom
  3116 | D:4      | Reached XP level 6. HP: 42/49 MP: 8/8
  3888 | D:4      | Noticed an ogre
  3910 | D:3      | Killed an ogre
  3911 | D:3      | Reached XP level 7. HP: 31/55 MP: 10/10
  4122 | D:4      | Slain by a gnoll

Illustrated notes

Levels and vault maps discovered:
D:1:      dpeg_arrival_signposts, layout_basic, serial_shops, shop, shop, shop,
          nicolae_diamond_shop, minmay_domino_2
D:2:      layout_rooms
D:3:      layout_loops_ring, kiku_gazebo_pond_becter, basic_ecumenical_altar,
          minmay_ruptured
D:4:      layout_rooms, minmay_temple_entry_ruins, uniq_duvessa

Skill      XL: |  1  2  3  4  5  6  7 |
---------------+----------------------+-----
Dodging        | 1 2 |  2.0
Invocations    | 3 4 |  4.3
Armour         | 3 4 |  4.0
Fighting       | 4 |  4.8
Axes           | 3 |  3.7

Action                   |  1- 3 |  4- 6 |  7- 9 || total
-------------------------+-------+-------+-------++-------
Melee: Hand axe          |    41 |       |       ||    41
       War axe           |    39 |   107 |    19 ||   165
 Fire: Hunting sling     |       |    57 |     5 ||    62
Throw: Stone             |    28 |       |       ||    28
Invok: Depart the Abyss  |     1 |       |       ||     1
 Abil: Dig               |     5 |       |       ||     5
Armor: Ring mail         |    27 |    37 |     7 ||    71
Dodge: Dodged            |    36 |    75 |    17 ||   128
